 Dungeon Crawl Stone Soup version 0.18.1-6-gd335043 (webtiles) character file.

142013 Ge0ff the Peltast (level 17, -45/134 HPs)
             Began as a Formicid Skald on May 15, 2016.
             Was the Champion of Okawaru.
             Killed by Shatter
             ... invoked by Jorgrun
              (64 damage)
             ... on level 3 of the Swamp.
             The game lasted 02:21:20 (31494 turns).

Ge0ff the Peltast (Formicid Skald)                 Turns: 31494, Time: 02:21:21

Health: -45/134    AC: 16    Str: 26    XL:     17   Next: 95%
Magic:  0/36       EV: 25    Int: 14    God:    Okawaru [******]
Gold:   1587       SH: 18    Dex: 18    Spells: 9 memorised, 13 levels left

rFire  . . .     SeeInvis +     s - +1 rod of shadows (9/14)
rCold  . . .     Gourm    .     I - +3 troll leather armour of Gravity {+Blink Regen+ MP+9 Str+4}
rNeg   . . .     Faith    .     N - +3 shield {rPois}
rPois  +         Spirit   +     (helmet unavailable)
rElec  .         Dismiss  .     e - +2 cloak
rCorr  .         Reflect  .     L - +0 pair of gloves {Dex+3}
SustAt .         Harm     .     w - +0 pair of boots
MR     +....                    F - amulet of guardian spirit
Stlth  +.........               E - ring of Leaves {EV+2 Dex+3 SInv}
                                v - +6 ring of evasion

@: repel missiles, invisible, somewhat resistant to hostile enchantments, very
unstealthy
A: permanent stasis, dig shafts and tunnels, four strong arms, antennae 3, claws
1, strong 1
a: Dig, Shaft Self, Heroism, Finesse, Renounce Religion


You were on level 3 of the Swamp.
You worshipped Okawaru.
Okawaru was exalted by your worship.
You were hungry.

You visited 6 branches of the dungeon, and saw 30 of its levels.

You collected 2622 gold pieces.
You spent 1035 gold pieces at shops.

Inventory:

Hand Weapons
 a - a +7 battleaxe of chopping
 b - a +0 blowgun
 c - the +6 spear of Virtue {freeze, rElec MR+}
   (You found it on level 1 of the Lair of Beasts)

   It has been specially enchanted to freeze those struck by it, causing extra
   injury to most foes and up to half again as much damage against particularly
   susceptible opponents.
   It can also slow down cold-blooded creatures.
   It insulates you from electricity.
   It affects your resistance to hostile enchantments.
Missiles
 j - 5 needles of frenzy
 r - 70 poisoned needles
 y - 19 curare-tipped needles
Armour
 e - a +2 cloak (worn)
 w - a +0 pair of boots (worn)
 D - a +0 pair of gloves of archery
 I - the +3 troll leather armour of Gravity (worn) {+Blink Regen+ MP+9 Str+4}
   (Okawaru gifted it to you on level 1 of the Lair of Beasts)

   It affects your strength (+4).
   It affects your magic capacity (+9).
   It lets you blink.
   It increases your rate of regeneration.
 L - a +0 pair of gloves of dexterity (worn)
 N - a +3 shield of poison resistance (worn)
Rods
 s - a +1 rod of shadows (9/14) (in hand)
   (You found it on level 8 of the Lair of Beasts)
Jewellery
 h - an uncursed ring of flight
 p - an uncursed ring of magical power
 v - a +6 ring of evasion (left hand)
 E - the ring of Leaves (right hand) {EV+2 Dex+3 SInv}
   (You bought it in a shop on level 14 of the Dungeon)

   [ring of evasion]

   It affects your evasion (+2).
   It affects your dexterity (+3).
   It lets you see invisible.
 F - an amulet of guardian spirit (around neck)
 R - a cursed amulet of inaccuracy {unknown}
Wands
 f - a wand of acid (0/15)
 m - a wand of acid (11/15)
 t - a wand of acid (2/15)
 u - a wand of iceblast (3/15)
 J - a wand of acid (0/15)
 P - a wand of confusion (7/48)
 S - a wand of heal wounds (1/9)
 T - a wand of iceblast (3/15)
 U - a wand of lightning (1/15)
 Y - a wand of confusion (27/48)
Scrolls
 n - 6 scrolls of identify
 q - 12 scrolls of remove curse
 z - 6 scrolls of fog
 C - 7 scrolls of recharging
 M - 4 scrolls of magic mapping
 Q - a scroll of amnesia
 V - a scroll of fear
 X - 2 scrolls of immolation
Potions
 g - 3 potions of flight
 k - 3 potions of ambrosia
 l - 7 potions of curing
 x - 2 potions of heal wounds
 A - a potion of cancellation
 B - a potion of invisibility
 H - 4 potions of might
 K - a potion of magic
 Z - 3 potions of agility
Comestibles
 d - 13 bread rations
 i - 3 meat rations
 o - 36 fruits
 G - 6 chunks of flesh


   Skills:
 + Level 12.3 Fighting
 * Level 14.0 Axes
 + Level 8.2 Throwing
 * Level 13.3 Armour
 + Level 7.7 Dodging
 + Level 15.9 Shields
 - Level 7.1 Spellcasting
 - Level 4.0 Hexes
 - Level 4.0 Charms
 + Level 11.6 Invocations
 + Level 4.4 Evocations


You had 13 spell levels left.
You knew the following spells:

 Your Spells              Type           Power        Failure   Level  Hunger
a - Infusion              Chrm           ###.         3%          1    None
b - Song of Slaying       Chrm           ###.....     6%          2    None
c - Spectral Weapon       Hex/Chrm       ###.....     12%         3    ##.....
d - Shroud of Golubria    Chrm/Tloc      ##........   12%         2    None
e - Apportation           Tloc           #.........   17%         1    None
f - Regeneration          Chrm/Necr      ##........   21%         3    ##.....
g - Summon Butterflies    Summ           #.......     17%         1    None
h - Repel Missiles        Chrm/Air       ##....       12%         2    None
i - Swiftness             Chrm/Air       ##......     12%         2    None


Dungeon Overview and Level Annotations

Branches:
Dungeon (15/15)            Temple (1/1) D:6            Lair (8/8) D:8
  Swamp (3/4) Lair:3        Snake (1/4) Lair:4        Slime (0/6) Lair:6
    Orc (2/2) D:12            Elf (0/3) Orc:2        Vaults (0/5) D:14
 Depths (0/5) D:15

Altars:
Ashenzari
Cheibriados
Dithmenos
Elyvilon
Fedhas
Gozag
Kikubaaqudgha
Makhleb
Nemelex Xobeh
Okawaru
Pakellas
Qazlal
Ru
Sif Muna
Trog
Vehumet
Xom
Yredelemnul
Zin
The Shining One
Beogh
Jiyva

Shops:
D:10 %*[}   D:13 !   D:14 =   Orc:2 ![([

Annotations:
D:12 exclusions: ice statue and obsidian statue
D:14 free the sheepies
Swamp:3 Jorgrun


Innate Abilities, Weirdness & Mutations

You are under a permanent stasis effect.
You can dig through walls and to a lower floor.
Your four strong arms can wield two-handed weapons with a shield.
You have a pair of large antennae on your head (SInv).
You have sharp fingernails.
Your muscles are strong. (Str +2)


Message History

Ka-crash!
Jorgrun hits you with a staff of earth!
You turn to flesh and can move again.
Jorgrun casts a spell.
The dungeon rumbles around Jorgrun!
You shudder from the earth-shattering force.
* * * LOW HITPOINT WARNING * * *
Ka-crash!
Unknown command.
Unknown command.
Unknown command.
Press: ? - help, v - describe, . - travel
Here: Jorgrun, wielding a staff of earth and wearing a robe The floor.
Drink which item? (? for menu, Esc to quit)
You fade into invisibility!
Jorgrun mumbles some strange words.
The dungeon rumbles around Jorgrun!
You shudder from the earth-shattering force.
You die...

♣..≈≈≈..≈≈≈ ≈≈≈
♣≈≈≈≈≈≈.≈≈≈ ≈ ≈≈≈
♣..≈≈≈..≈≈≈ ♣≈ ..
♣♣..≈≈.≈≈≈≈ ≈.≈ ..
♣♣♣♣♣.≈≈≈≈.≈≈≈† ....♣♣.
♣♣≈...≈≈≈≈≈..≈<§ .≈≈≈≈!.
♣♣.≈≈≈.♣...≈≈.[.≈
.≈≈≈≈§g♣♣.≈≈≈.)♣♣♣.≈≈§♣.≈
≈≈≈≈≈≈.§@.≈≈≈..♣♣≈.≈≈≈...
≈.≈≈≈..≈≈≈♣♣.≈§♣♣≈.≈≈....
≈.≈≈...♣≈≈♣♣.§.♣♣≈≈≈.....
.........♣♣♣≈≈♣♣≈.≈≈.≈...
.≈♣≈≈..≈≈♣ ♣♣♣♣≈<.≈≈.....
§≈≈≈♣♣≈≈≈≈ ♣♣..≈..≈≈≈....
.≈♣♣ ≈♣≈≈. ♣≈.≈≈≈.≈≈≈....
♣♣ ..≈≈≈♣♣♣.≈≈..≈≈..≈..
♣.≈.......≈≈≈


You could see Jorgrun.

Vanquished Creatures
  Rupert (D:14)
  Aizul (Swamp:1)
  An orc warlord (Orc:2)
  Snorg (Lair:7)
  An ettin (Orc:1)
  A fire dragon (Lair:8)
  A yaktaur captain (D:15)
  4 vault guards
  Erolcha (D:11)
  21 hydras
  3 centaur warriors
  3 anacondas
  An ogre mage (D:15)
  The ghost of Nightblair the Carver, a novice FoFi of Yredelemnul (D:9)
  4 alligators (Swamp:2)
  11 death yaks
  A shock serpent (Lair:4)
  2 tengu warriors
  3 orc high priests
  Urug (Lair:3)
  A fire crab (Lair:8)
  An unseen horror (D:13)
  A wizard (D:14)
  2 swamp dragons
  A shambling mangrove (Swamp:1)
  2 lindwurms (Lair:8)
  2 deep elf magi
  A wolf spider (D:15)
  4 hill giants
  2 orc knights
  A manticore (D:14)
  2 griffons
  A cyclops (D:12)
  3 orc sorcerers (Orc:2)
  19 ugly things
  12 elephants
  A torpor snail (Lair:8)
  14 black mambas
  22 spiny frogs
  Joseph (D:9)
  2 rime drakes
  A gargoyle (D:15)
  A komodo dragon (shapeshifter) (D:15)
  A yaktaur (D:15)
  An efreet (D:15)
  5 spriggan druids
  6 komodo dragons
  9 trolls
  A tengu conjurer (D:15)
  The ghost of DrakieV the Poker, an amateur DrBe of Trog (D:4)
  5 two-headed ogres
  2 harpy skeletons (D:15)
  4 boulder beetles
  5 giant leeches
  14 slime creatures
  22 blink frogs
  7 bog bodies
  3 shadows
  Sigmund (D:4)
  20 spriggans
  A vampire (D:10)
  A centaur simulacrum (D:14)
  2 wyverns
  62 yaks
  6 basilisks
  A hungry ghost (D:14)
  11 hippogriffs
  3 steam dragons
  11 swamp worms
  3 mottled dragons
  3 nagas (Lair:4)
  18 vampire mosquitoes
  7 insubstantial wisps
  6 wargs
  16 water moccasins
  12 porcupines
  2 hell hounds
  2 swamp drakes
  14 ice beasts
  2 sky beasts
  3 black bears
  15 wasps
  34 orc warriors
  7 necrophages (Lair:6)
  16 wolves
  21 ogres
  14 centaurs
  24 crocodiles
  5 big kobolds
  22 giant frogs
  A wyvern zombie (D:13)
  2 wyvern skeletons
  3 scorpions
  8 wights (D:13)
  A howler monkey (D:6)
  3 electric eels
  7 crimson imps
  A centaur zombie (D:5)
  A quasit (D:10)
  3 giant frog skeletons
  8 hounds
  4 jellies
  A gnoll shaman (D:8)
  10 orc priests
  5 centaur skeletons
  15 iguanas
  Ijyb (D:3)
  20 orc wizards
  6 worker ants
  65 sheep
  3 hound skeletons
  A worker ant zombie (D:5)
  4 gnolls (D:7)
  17 adders
  41 river rats
  4 shadow imps
  2 oozes (D:2)
  2 adder zombies
  7 worms
  4 dart slugs
  7 giant geckos
  81 orcs
  11 bats
  6 giant cockroaches
  10 goblins
  9 hobgoblins
  12 jackals
  22 kobolds
  5 quokkas
  2 ball pythons (D:1)
  A giant gecko zombie (D:7)
  8 giant newts
  10 rats
  6 fungi
  7 plants
1058 creatures vanquished.

Vanquished Creatures (collateral kills)
  A tengu conjurer (D:15)
  A mottled dragon (Lair:8)
  A crocodile (Lair:8)
3 creatures vanquished.

Vanquished Creatures (others)
  A swamp worm (Swamp:3)
  25 fungi
  16 plants
42 creatures vanquished.

Grand Total: 1103 creatures vanquished

Notes
Turn   | Place    | Note
--------------------------------------------------------------
     0 | D:1      | Ge0ff the Formicid Skald began the quest for the Orb.
     0 | D:1      | Reached XP level 1. HP: 16/16 MP: 3/3
    41 | D:1      | Reached skill level 1 in Dodging
   169 | D:1      | Reached XP level 2. HP: 14/23 MP: 5/5
   190 | D:1      | Learned a level 2 spell: Song of Slaying
   193 | D:1      | Learned a level 2 spell: Shroud of Golubria
   471 | D:1      | Reached XP level 3. HP: 28/28 MP: 1/6
  1072 | D:2      | Reached XP level 4. HP: 29/34 MP: 0/7
  1735 | D:2      | Learned a level 3 spell: Spectral Weapon
  1774 | D:2      | Reached XP level 5. HP: 41/41 MP: 3/8
  1928 | D:3      | Found a basalt altar of Yredelemnul.
  2360 | D:4      | Noticed an ogre
  2400 | D:3      | Found a deep blue altar of Sif Muna.
  2618 | D:3      | Noticed Ijyb
  2636 | D:3      | Killed Ijyb
  2636 | D:3      | Reached XP level 6. HP: 46/47 MP: 8/10
  2796 | D:3      | Found a radiant altar of Vehumet.
  2796 | D:3      | Found an iron altar of Okawaru.
  2955 | D:3      | Became a worshipper of Warmaster Okawaru
  3301 | D:4      | Noticed Sigmund
  3332 | D:4      | Killed Sigmund
  3332 | D:4      | Reached XP level 7. HP: 28/54 MP: 11/11
  3364 | D:4      | Reached * piety under Okawaru
  3364 | D:4      | Reached skill level 1 in Throwing
  3801 | D:5      | Entered Level 5 of the Dungeon
  3996 | D:4      | Noticed DrakieV's ghost (amateur DrBe)
  4614 | D:5      | Reached XP level 8. HP: 60/61 MP: 13/13
  4941 | D:5      | Reached skill level 5 in Fighting
  5212 | D:5      | Reached ** piety under Okawaru
  5212 | D:5      | Reached skill level 5 in Axes
  5212 | D:5      | Reached skill level 5 in Armour
  5878 | D:6      | Found a staircase to the Ecumenical Temple.
  5923 | D:6      | Reached XP level 9. HP: 32/69 MP: 10/15
  5936 | Temple   | Entered the Ecumenical Temple
  6161 | D:6      | Found an oddly glowing altar of Pakellas.
  6176 | D:6      | Reached skill level 13 in Shields
  6176 | D:6      | Reached XP level 10. HP: 76/76 MP: 16/16
  6564 | D:6      | Reached *** piety under Okawaru
  6611 | D:6      | Found a shattered altar of Ashenzari.
  7398 | D:8      | Reached skill level 14 in Shields
  7575 | D:8      | Found a staircase to the Lair.
  7836 | D:8      | Reached skill level 1 in Invocations
  8023 | D:9      | Noticed Nightblair's ghost (novice FoFi)
  8248 | D:4      | Killed DrakieV's ghost
  8319 | Lair:1   | Entered Level 1 of the Lair of Beasts
  8398 | Lair:1   | Noticed a komodo dragon
  8405 | D:8      | Reached **** piety under Okawaru
  8424 | D:8      | Reached XP level 11. HP: 51/83 MP: 14/17
  8642 | D:9      | Noticed Joseph
  8861 | D:9      | Learned a level 1 spell: Apportation
  8865 | D:9      | Learned a level 3 spell: Regeneration
  8867 | D:9      | Learned a level 1 spell: Summon Butterflies
  9182 | D:9      | Noticed a hill giant
  9266 | D:9      | Killed a hill giant
  9266 | D:9      | Reached ***** piety under Okawaru
  9777 | D:9      | Killed Joseph
  9971 | D:9      | Received a gift from Okawaru
 10687 | Lair:2   | Received a gift from Okawaru
 10726 | Lair:2   | Reached skill level 5 in Invocations
 10783 | Lair:2   | Noticed a six-headed hydra
 10825 | Lair:1   | Learned a level 2 spell: Repel Missiles
 10828 | Lair:1   | Learned a level 2 spell: Swiftness
 10986 | Lair:1   | Reached XP level 12. HP: 75/93 MP: 11/18
 11401 | Lair:1   | Received a gift from Okawaru
 11436 | Lair:1   | Got a brightly glowing troll leather armour {god gift}
 11451 | Lair:1   | Identified the +3 troll leather armour of Gravity {+Blink Regen+ MP+9 Str+4} (Okawaru gifted it to you on level 1 of the Lair of Beasts)
 11458 | Lair:1   | Got a twisted spear
 11459 | Lair:1   | Identified the +6 spear of Virtue {freeze, rElec MR+} (You found it on level 1 of the Lair of Beasts)
 11645 | Lair:1   | Noticed a six-headed hydra
 11659 | Lair:1   | Killed a six-headed hydra
 11866 | D:10     | Entered Level 10 of the Dungeon
 11881 | D:10     | Reached skill level 5 in Spellcasting
 12257 | D:10     | Found Zagh's Gadget Shoppe.
 12393 | D:10     | Found Viubeism's Antique Armour Shop.
 12412 | D:10     | Bought a runed shield for 166 gold pieces
 12443 | D:10     | Found Yfoif's Food Shop.
 12548 | D:10     | Found Meploune's Assorted Antiques.
 12551 | D:10     | Bought a pair of runed gloves for 108 gold pieces
 12783 | D:10     | Found a sacrificial altar of Ru.
 13277 | D:11     | Noticed Erolcha
 13287 | D:11     | Killed Erolcha
 13538 | D:11     | Reached skill level 10 in Axes
 14339 | D:12     | Noticed a four-headed hydra
 14356 | D:12     | Killed a four-headed hydra
 14486 | D:12     | Found a staircase to the Orcish Mines.
 14494 | D:12     | Reached XP level 13. HP: 91/101 MP: 20/20
 14754 | D:12     | Noticed a two-headed hydra
 14763 | D:12     | Killed a two-headed hydra
 15430 | Lair:1   | Gained mutation: Your muscles are strong. (Str +2) [potion of beneficial mutation]
 15573 | Lair:2   | Received a gift from Okawaru
 15696 | Lair:2   | Killed a six-headed hydra
 16318 | Lair:3   | Noticed Urug
 16336 | Lair:3   | Killed Urug
 16373 | Lair:3   | Reached ****** piety under Okawaru
 16461 | Lair:4   | Noticed a seven-headed hydra
 16481 | Lair:3   | Killed a seven-headed hydra
 16481 | Lair:3   | Received a gift from Okawaru
 16553 | Lair:3   | Noticed an eight-headed hydra
 16570 | Lair:3   | Killed an eight-headed hydra
 16570 | Lair:3   | Received a gift from Okawaru
 16592 | Lair:3   | Got an ivory shortbow {god gift}
 16593 | Lair:3   | Identified the +3 shortbow of Yxkune {venom, Str+5} (Okawaru gifted it to you on level 3 of the Lair of Beasts)
 16879 | Lair:3   | Found a staircase to the Swamp.
 16976 | Lair:3   | Reached skill level 10 in Fighting
 17401 | Lair:4   | Found a glowing golden altar of the Shining One.
 17419 | Lair:4   | Noticed an eight-headed hydra
 17454 | Lair:3   | Killed an eight-headed hydra
 17454 | Lair:3   | Reached XP level 14. HP: 71/110 MP: 15/21
 17796 | Lair:3   | Received a gift from Okawaru
 17947 | Lair:4   | Found a staircase to the Snake Pit.
 18503 | Lair:5   | Reached skill level 1 in Hexes
 18853 | Lair:5   | Gained mutation: You have sharp fingernails. [potion of beneficial mutation]
 19313 | Lair:6   | Received a gift from Okawaru
 19354 | Lair:6   | Reached skill level 10 in Armour
 19425 | Lair:6   | Received a gift from Okawaru
 19648 | Lair:6   | Found a snail-covered altar of Cheibriados.
 20212 | Lair:6   | Reached skill level 5 in Dodging
 20243 | Lair:6   | Reached XP level 15. HP: 51/116 MP: 13/23
 20382 | Lair:6   | Found a viscous altar of Jiyva.
 20383 | Lair:6   | Found a staircase to the Slime Pits.
 20526 | Lair:6   | Reached skill level 5 in Throwing
 21057 | Lair:7   | Received a gift from Okawaru
 21099 | Lair:7   | Received a gift from Okawaru
 21324 | Lair:7   | Noticed Snorg
 21337 | Lair:7   | Killed Snorg
 21820 | Lair:8   | Entered Level 8 of the Lair of Beasts
 21978 | Lair:8   | Reached skill level 10 in Invocations
 22188 | Lair:8   | Identified a +1 rod of shadows (14/14) (You found it on level 8 of the Lair of Beasts)
 22702 | Lair:8   | Received a gift from Okawaru
 23257 | Lair:8   | Reached XP level 16. HP: 107/124 MP: 26/26
 23427 | Lair:8   | Reached skill level 15 in Shields
 23949 | Orc:1    | Entered Level 1 of the Orcish Mines
 24067 | Orc:2    | Entered Level 2 of the Orcish Mines
 24281 | Orc:2    | Found a roughly hewn altar of Beogh.
 24290 | Orc:2    | Found Goclekug's Distillery.
 24368 | Orc:2    | Bought a potion of cancellation for 120 gold pieces
 24368 | Orc:2    | Bought a potion of might for 60 gold pieces
 24368 | Orc:2    | Bought a potion of curing for 45 gold pieces
 24368 | Orc:2    | Bought a potion of curing for 45 gold pieces
 24614 | Orc:1    | Found a roughly hewn altar of Beogh.
 24877 | Orc:2    | Found a roughly hewn altar of Beogh.
 24877 | Orc:2    | Found Cutaum's Armour Emporium.
 24907 | Orc:2    | Bought a +0 pair of gloves of archery for 161 gold pieces
 24960 | Orc:2    | Found a staircase to the Elven Halls.
 25016 | Orc:2    | Received a gift from Okawaru
 25284 | Orc:2    | Found Moxte's Antique Armour Boutique.
 25284 | Orc:2    | Found a roughly hewn altar of Beogh.
 25287 | Orc:2    | Found Ceestrurgh's Antique Weapon Shop.
 25355 | Orc:1    | You fall through a shaft!
 25553 | Orc:2    | Found a roughly hewn altar of Beogh.
 25855 | D:9      | Killed Nightblair's ghost
 26149 | D:13     | Found Obugruq's Distillery.
 26705 | D:14     | Found a gate to the Vaults.
 26892 | D:14     | Received a gift from Okawaru
 26898 | D:14     | Got a colourful robe {god gift}
 27025 | D:14     | Found a sacrificial altar of Ru.
 27120 | D:14     | Reached skill level 1 in Evocations
 27198 | D:14     | Noticed Rupert
 27213 | D:14     | Killed Rupert
 27346 | D:14     | Found Napuang's Jewellery Shop.
 27355 | D:14     | Bought the ring of Leaves {EV+2 Dex+3 SInv} for 330 gold pieces
 27677 | D:15     | Entered Level 15 of the Dungeon
 27874 | D:15     | Reached XP level 17. HP: 91/133 MP: 23/27
 28630 | D:15     | Found a staircase to the Depths.
 29083 | Snake:1  | Entered Level 1 of the Snake Pit
 29088 | Lair:4   | Received a gift from Okawaru
 29285 | Swamp:1  | Entered Level 1 of the Swamp
 29388 | Swamp:1  | Noticed Aizul
 29439 | Swamp:1  | Killed Aizul
 30509 | Swamp:2  | Received a gift from Okawaru
 31481 | Swamp:3  | Noticed Jorgrun
 31494 | Swamp:3  | Killed from afar by Jorgrun

Skill      XL: |  1  2  3  4  5  6  7  8  9 10 11 12 13 14 15 16 17 |
---------------+----------------------------------------------------+-----
Dodging        | 1 2 3 4 5 6 7 |  7.7
Axes           | 3 4 5 6 8 10 11 12 13 14 | 14.0
Armour         | 2 3 4 5 6 7 9 10 11 12 13 | 13.3
Fighting       | 3 4 5 6 8 9 10 11 12 | 12.3
Spellcasting   | 3 4 5 6 7 |  7.1
Throwing       | 1 2 3 4 6 7 8 |  8.2
Shields        | 13 14 15 | 15.9
Invocations    | 1 5 7 8 9 10 11 | 11.6
Charms         | 4 |  4.0
Hexes          | 3 4 |  4.0
Evocations     | 1 4 |  4.4

Action                   |  1- 3 |  4- 6 |  7- 9 | 10-12 | 13-15 | 16-18 || total
-------------------------+-------+-------+-------+-------+-------+-------++-------
Melee: Hand axe          |    84 |   189 |   165 |       |       |       ||   438
       War axe           |       |       |    38 |   929 |   383 |       ||  1350
       Spear             |       |       |       |    20 |   104 |    53 ||   177
       Battleaxe         |       |       |       |       |   522 |   686 ||  1208
       Broad axe         |       |       |       |       |       |    11 ||    11
 Fire: Blowgun           |       |    22 |    66 |   118 |    66 |     1 ||   273
Throw: Tomahawk          |       |       |       |    32 |    63 |   189 ||   284
       Javelin           |       |       |       |       |   264 |   109 ||   373
 Cast: Infusion          |     6 |    19 |     2 |    12 |     2 |       ||    41
       Song of Slaying   |     1 |     4 |     4 |    23 |    36 |    31 ||    99
       Shroud of Golubri |       |       |    14 |    47 |    74 |    53 ||   188
       Repel Missiles    |       |       |       |       |     2 |     5 ||     7
Invok: Heroism           |       |       |       |    11 |    13 |     8 ||    32
       Finesse           |       |       |       |       |       |     3 ||     3
 Abil: Dig               |       |     3 |     2 |    15 |    17 |     5 ||    42
       Shaft Self        |       |       |       |       |       |     1 ||     1
Evoke: Wand              |       |     4 |       |     2 |    17 |     9 ||    32
       Rod               |       |       |       |       |     2 |     8 ||    10
  Use: Scroll            |       |     9 |     7 |    12 |    12 |     6 ||    46
       Potion            |       |       |     1 |     3 |     2 |     3 ||     9
 Stab: Sleeping          |       |       |       |     1 |       |       ||     1
  Eat: Chunk             |     1 |     9 |    10 |    32 |    37 |    30 ||   119
       Fruit             |       |       |       |     3 |       |     3 ||     6
Armor: Leather armour    |     1 |       |       |       |       |       ||     1
       Ring mail         |    27 |    70 |    62 |   110 |       |       ||   269
       Scale mail        |       |     8 |       |       |       |       ||     8
       Chain mail        |       |       |       |    24 |       |       ||    24
       Troll leather arm |       |       |       |    28 |   206 |    90 ||   324
Dodge: Dodged            |    51 |   143 |   205 |   465 |   622 |   483 ||  1969
       Deflected         |       |       |       |       |     3 |    14 ||    17
Block: Shield            |       |       |       |   853 |   845 |   663 ||  2361
